 Dungeon Crawl Stone Soup version 0.25-b1-23-ge2ad7d536c (webtiles) character file.

Game seed: 7685623689791703651, levelgen mode: deterministic

282 Esekla the Grave Robber (level 6, -1/54 HPs)
             Began as a Naga Necromancer on May 31, 2020.
             Slain by a crimson imp (4 damage)
             ... on level 5 of the Dungeon.
             The game lasted 00:31:11 (4424 turns).

Esekla the Grave Robber (Naga Necromancer)          Turns: 4424, Time: 00:31:12

Health: -1/54      AC:  3    Str: 11    XL:     6   Next: 28%
Magic:  11/11      EV:  9    Int: 17    God:
Gold:   143        SH:  0    Dex: 11    Spells: 8/12 levels left

rFire    . . .     SeeInvis +   d - +0 dagger
rCold    . . .     Gourm    .   (no shield)
rNeg     . . .     Faith    .   a - +0 robe
rPois    +         Spirit   .   (no helmet)
rElec    .         Reflect  .   (no cloak)
rCorr    .         Harm     .   (no gloves)
MR       .....                  (no barding)
Stlth    ++........             g - amulet of regeneration
HPRegen  0.58/turn              (no ring)
MPRegen  0.12/turn              (no ring)

@: heavily drained, very slow
A: large, see invisible, deformed body, poison resistance, slowness 2, slow
metabolism 1, spit poison 1, AC +2
a: Spit Poison


You were on level 5 of the Dungeon.
You were not hungry.

You visited 1 branch of the dungeon, and saw 7 of its levels.

You collected 143 gold pieces.

Inventory:

Hand Weapons
 d - a +0 dagger (weapon)
Missiles
 b - 14 poisoned darts (quivered)
Armour
 a - a +0 robe (worn)
 o - a +0 ring mail of fire resistance
 r - a +0 helmet
Jewellery
 g - an amulet of regeneration (around neck)
Wands
 h - a wand of clouds (12)
 j - a wand of flame (15)
 m - a wand of iceblast (6)
 n - a wand of acid (10)
Scrolls
 e - a scroll of magic mapping {unknown}
 f - 2 scrolls of noise {unknown}
 k - a scroll of remove curse {unknown}
 p - 3 scrolls of identify
 q - 3 scrolls of teleportation {unknown}
Potions
 i - a potion of magic
 l - a potion of lignification
Comestibles
 c - 3 rations


   Skills:
 * Level 2.3(0.0) Fighting
 + Level 1.4(0.0) Short Blades
 - Level 1.5(0.0) Dodging
 + Level 3.7(1.4) Stealth
 * Level 3.9(1.5) Spellcasting
 + Level 5.1(2.7) Necromancy


You had 8 spell levels left.
You knew the following spells:

 Your Spells              Type           Power        Failure   Level  Hunger
a - Pain                  Necr           ##..         7%          1    ##.....
d - Vampiric Draining     Necr           ##........   21%         3    ####...

Your spell library contained the following spells:

 Spells                   Type           Power        Failure   Level  Hunger
 Animate Skeleton         Necr           N/A          7%          1    ##.....
 Animate Dead             Necr           N/A          54%         4    #####..
 Agony                    Necr           ##......     88%         5    ######.


Dungeon Overview and Level Annotations

Branches:
Dungeon (7/15)
 Temple: D:4-7

Altars:
Makhleb
Vehumet

Annotations:
D:5 Pikel


Innate Abilities, Weirdness & Mutations

You cannot wear boots.
Your serpentine skin is tough. (AC +2)
You have supernaturally acute eyesight. (SInv)
Armour fits poorly on your strangely shaped body.
Your system is resistant to poisons. (rPois)
You cover ground very slowly.
You have a slow metabolism.
You can spit poison.


Message History

* * * LOW HITPOINT WARNING * * *
You closely miss the crimson imp.
The crimson imp is lightly wounded.
The crimson imp hits you.
* * * LOW HITPOINT WARNING * * *
You hit the crimson imp.
The crimson imp is lightly wounded.
The crimson imp hits you but does no damage.
You hit the crimson imp.
The crimson imp is lightly wounded.
The crimson imp hits you.
* * * LOW HITPOINT WARNING * * *
You hit the crimson imp.
The crimson imp is lightly wounded.
The crimson imp hits you.
* * * LOW HITPOINT WARNING * * *
You hit the crimson imp.
The crimson imp is lightly wounded.
The crimson imp hits you.
You die...

#####>....+.a.
..........#...
###########..§
############### #..5
#..§...........
#...#####.#############
###...............#
#...####.###.#########
#...####.....# #.....
#...+@###########.....
#...#5# #....5........
#...#.# #.######......
#####+###.# #......
#......#.# #..§...
#......#.# #......
#......'.# #......
#......### #......
######## #......


You could see a crimson imp.

Vanquished Creatures
  A big kobold (D:6)
  2 orc wizards (D:4)
  An iguana (D:5)
  2 worker ants (D:4)
  4 adders
  An adder zombie (D:6)
  A dart slug (D:2)
  2 leopard geckos
  4 orcs
  3 bats
  2 giant cockroaches
  5 goblins
  3 hobgoblins
  2 quokkas
  3 frilled lizards
  8 kobolds
  2 rats
46 creatures vanquished.

Notes
Turn   | Place    | Note
-------+----------+-------------------------------------------
     0 | D:1      | Esekla the Naga Necromancer began the quest for the Orb.
     0 | D:1      | Reached XP level 1. HP: 15/15 MP: 3/3
   202 | D:1      | Reached XP level 2. HP: 2/22 MP: 0/5
   952 | D:3      | Reached XP level 3. HP: 25/30 MP: 4/6
   993 | D:2      | Learned a level 3 spell: Vampiric Draining
  1314 | D:4      | Reached skill level 1 in Fighting
  1314 | D:4      | Reached XP level 4. HP: 20/38 MP: 3/8
  1364 | D:4      | Reached XP level 5. HP: 13/44 MP: 0/9
  1691 | D:4      | Reached skill level 5 in Necromancy
  1717 | D:4      | Reached skill level 1 in Short Blades
  1849 | D:5      | Entered Level 5 of the Dungeon
  1850 | D:5      | Noticed Pikel
  1850 | D:5      | Noticed a slave
  1857 | D:5      | Noticed a slave
  1857 | D:5      | Noticed a slave
  1947 | D:4      | Found a burning altar of Makhleb.
  2339 | D:6      | Noticed a big kobold
  2360 | D:6      | Noticed a big kobold
  2369 | D:6      | Killed a big kobold
  2369 | D:6      | Reached XP level 6. HP: 36/52 MP: 3/11
  2427 | D:5      | Found a radiant altar of Vehumet.
  4423 | D:5      | HP: 2/54 [crimson imp (1)]
  4424 | D:5      | Slain by a crimson imp

Illustrated notes

Levels and vault maps discovered:
D:1:      lightli_arrival_quake, layout_loops_corners, minmay_octomino_c4
D:2:      layout_loops_ring, first_ration, uniq_crazy_yiuf_cottage, uniq_terence
D:3:      layout_basic, serial_glass, glass_columns_b, glass_columns_a,
          fountainhead
D:4:      layout_basic, lemuel_doored_altar
D:5:      minmay_goblin_kobold_castle, layout_basic, basic_altar, uniq_pikel
D:6:      cheibrodos_thug_alley, layout_basic, grunt_temple_overflow_open,
          roderic_batcave
D:7:      layout_loops_ring, overflow_temple_1_default,
          overflow_temple_1_default, minmay_temple_entry_ruins,
          gammafunk_ghost_stat_death

Skill      XL: |  1  2  3  4  5 |
---------------+----------------+-----
Fighting       | 1 2 |  2.3
Spellcasting   | 3 |  3.9
Necromancy     | 5 |  5.1
Short Blades   | 1 |  1.4
Dodging        | |  1.5
Stealth        | |  3.7

Action                   |  1- 3 |  4- 6 || total
-------------------------+-------+-------++-------
Melee: Whip              |    16 |       ||    16
       Dagger            |    53 |  1633 ||  1686
Throw: Dart              |     1 |     6 ||     7
 Cast: Pain              |    13 |       ||    13
       Vampiric Draining |     3 |    11 ||    14
 Abil: Spit Poison       |    11 |    27 ||    38
  Use: Scroll            |       |     2 ||     2
 Stab: Sleeping          |     4 |       ||     4
  Eat: Chunk             |     1 |     5 ||     6
       Ration            |       |     3 ||     3
Armor: Robe              |    11 |   345 ||   356
Dodge: Dodged            |    36 |   530 ||   566
